Map: Pillars of Gold LE

Players

Armani

  • Race: Zerg Zerg
  • Spawn Location: 7:00

RagnaroK (SHIN) - Winner!

  • Race: Zerg Zerg
  • Spawn Location: 1:00

Event: IEM Katowice 2021

VOD

Have the link to the VOD?

Description

Time

  • Played on: Feb. 21, 2021, 1:03 p.m.
  • Length: 6:37

All games in this series

Show
View Real Time Build Order
Export as new Build Order

Armani Zerg 

Build Orders: Hatch First 

Get SALT Encoding   

  12  0:00  Drone  
  13  0:12  Overlord  
  13  0:17  Drone  
  14  0:31  Drone x2  
  16  0:50  Hatchery  
  16  0:54  Drone  
  16  0:57  Drone  
  16  1:01  Drone  
  18  1:09  Extractor  
  17  1:17  Spawning Pool  
  16  1:19  Drone  
  16  1:23  Drone  
  18  1:29  Drone  
  19  1:39  Drone  
  20  1:52  Drone  
  21  2:03  Queen x2  
  21  2:04  Zergling x2  
  21  2:05  Overlord  
  26  2:12  Metabolic Boost  
  26  2:14  Drone  
  27  2:17  Drone  
  28  2:25  Drone  
  28  2:28  Drone  
  30  2:42  Hatchery  
  29  2:51  Drone x3  
  29  2:52  Baneling Nest  
  29  2:54  Drone  
  32  3:02  Queen  
  34  3:09  Overlord  
  34  3:11  Drone  
  35  3:15  Evolution Chamber  
  35  3:17  Drone  
  35  3:22  Drone  
  36  3:28  Zergling x6  
  36  3:30  Drone  
  36  3:32  Drone  
  41  3:35  Drone  
  41  3:38  Overlord  
  42  3:42  Drone x2  
  42  3:45  Zerg Melee Weapons Level 1  
  44  3:54  Drone x2  
  46  3:56  Drone x2  
  46  3:57  Drone  
  46  3:59  Drone  
  46  4:02  Drone  
  51  4:05  Extractor, Lair  
  50  4:10  Baneling  
  50  4:19  Roach Warren  
  50  4:23  Drone x2  
  50  4:24  Drone x2  
  52  4:29  Drone x3  
  52  4:30  Extractor x2  
  53  4:34  Overlord  
  53  4:36  Overlord  
  53  4:37  Overlord  
  53  4:40  Baneling  
  53  4:46  Overlord  
  53  4:48  Baneling x2  
  57  5:09  Drone x6  
  63  5:16  Roach x5  
  63  5:17  Nydus Network  
  63  5:19  Roach  
  74  5:28  Zergling x18, Spire  
  78  5:36  Overseer  
  78  5:43  Drone x4  
  78  5:45  Overlord x2  
  78  5:47  Overlord  
  78  5:48  Extractor  
  78  5:49  Overlord, Extractor  
  79  5:52  Overlord  
  79  5:56  Drone  
  80  6:04  Drone  
  80  6:05  Drone  
Show
View Real Time Build Order
Export as new Build Order

RagnaroK Zerg - Winner!

Build Orders: Hatch First 

Get SALT Encoding   

  12  0:00  Drone  
  13  0:12  Overlord  
  13  0:17  Drone  
  14  0:31  Drone x2  
  16  0:50  Hatchery  
  16  0:52  Drone  
  16  0:56  Drone  
  17  1:00  Drone  
  18  1:12  Extractor  
  18  1:15  Spawning Pool  
  16  1:18  Drone  
  16  1:22  Drone  
  18  1:31  Drone  
  19  1:51  Drone x2  
  21  2:02  Queen x2  
  21  2:03  Zergling x2, Drone  
  27  2:12  Metabolic Boost  
  27  2:13  Overlord  
  28  2:15  Drone  
  28  2:32  Drone x2  
  28  2:33  Drone  
  28  2:35  Drone  
  32  2:44  Hatchery  
  32  2:45  Drone  
  32  2:47  Drone  
  33  2:53  Queen  
  35  3:00  Baneling Nest  
  35  3:03  Overlord  
  34  3:08  Zergling x4  
  36  3:18  Overlord  
  36  3:21  Drone  
  36  3:22  Drone x3  
  36  3:24  Drone x2  
  42  3:30  Drone  
  42  3:31  Drone  
  44  3:39  Overlord  
  44  3:46  Evolution Chamber, Drone x4  
  47  3:49  Drone  
  47  3:52  Overlord  
  48  3:58  Drone x2  
  48  4:00  Extractor  
  48  4:01  Extractor  
  47  4:04  Drone x4  
  51  4:10  Lair  
  51  4:14  Roach Warren  
  51  4:16  Zerg Missile Weapons Level 1  
  50  4:17  Drone  
  50  4:23  Drone x3  
  50  4:24  Drone  
  55  4:29  Zergling x6  
  58  4:32  Overlord  
  58  4:43  Overlord, Drone  
  59  4:52  Drone x6  
  65  4:55  Overlord, Extractor  
  64  5:02  Roach x3  
  64  5:03  Roach x3  
  75  5:08  Glial Reconstitution  
  75  5:12  Overlord  
  75  5:13  Roach  
  75  5:14  Roach  
  79  5:18  Nydus Network  
  78  5:23  Drone  
  78  5:24  Drone  
  78  5:26  Roach x3  
  85  5:29  Overlord  
  87  5:36  Overlord  
  87  5:42  Roach x4  
  90  5:51  Roach x6  
  90  5:56  Roach x2  
  106  5:58  Overlord  
  106  6:01  Roach x2  
  110  6:07  Nydus Canal  
  110  6:09  Roach x2  
  114  6:12  Roach x2  
  114  6:13  Overlord  
  114  6:16  Roach  

Tags
 
Add a new tag
Caveats
  • Supply blocks, unpowered buildings, or Contaminate may cause inaccurate times.
  • Supply counts are checked every 10 seconds.